 Dungeon Crawl Stone Soup version 0.29-a0-866-g0545e20025 (webtiles) character file.

Game seed: 13905480441895517006

12877 Malachi the Grappler (level 11, -4/123 HPs)
             Began as a Troll Monk on July 17, 2022.
             Was a High Priest of Ru.
             Constricted to death by Jorgrun (5 damage)
             ... while petrified by Jorgrun
             ... on level 1 of the Orcish Mines.
             The game lasted 00:13:31 (9235 turns).

Malachi the Grappler (Troll Monk)                   Turns: 9235, Time: 00:13:32

Health: -4/123     AC:  7    Str: 25    XL:     11   Next: 68%
Magic:  10/10      EV: -2    Int:  6    God:    Ru [*****.]
Gold:   818        SH:  0    Dex: 12    Spells: 10/10 levels left

rFire   . . .      SeeInvis .     - Unarmed
rCold   . . .      Faith    +   (no shield)
rNeg    + + +      Spirit   .   s - +0 steam dragon scales
rPois   ∞          Reflect  .   (helmet restricted)
rElec   .          Harm     .   A - scarf {repulsion}
rCorr   +          Rampage  .   (gloves unavailable)
Will    .....                   (boots unavailable)
Stlth   ..........              r - amulet of faith
HPRegen 1.10/turn               e - ring of resist corrosion
MPRegen 0.12/turn               (no ring)

@: petrified, grasped by roots, constricted, repel missiles
A: large, unfitting armour, claws 3, regeneration 1, shaggy fur 1, tough skin 1,
no stealth, inability to use devices, hated by all, reduced EV 1
a: Renounce Religion, Draw Out Power, Power Leap, Apocalypse


You were on level 1 of the Orcish Mines.
You worshipped Ru.
Ru was extremely pleased with you.
You visited 2 branches of the dungeon, and saw 10 of its levels.

You collected 818 gold pieces.

Inventory:

Missiles
 p - 29 poisoned darts (quivered)
Armour
 s - +0 steam dragon scales (worn)
 A - a scarf of repulsion (worn)
Jewellery
 e - a ring of resist corrosion (left claw)
 l - a ring of ice
 r - an amulet of faith (around neck)
Scrolls
 a - a scroll of amnesia
 b - a scroll of identify
 d - 7 scrolls of teleportation
 g - a scroll of vulnerability
 h - a scroll of fog
 j - 4 scrolls of fear
 k - a scroll of poison
 q - 3 scrolls of magic mapping
 x - a scroll of immolation
 y - a scroll of enchant armour
Potions
 f - a potion of lignification
 i - a potion of berserk rage {unknown}
 m - 5 potions of heal wounds
 n - 5 potions of curing
 o - a potion of might {unknown}
 t - 2 potions of haste {unknown}
 u - 2 potions of flight {unknown}
 v - a potion of mutation {unknown}
 w - 3 potions of attraction {unknown}


   Skills:
 + Level 12.1 Fighting
 - Level 2.4 Dodging
 - Level 13.0 Unarmed Combat


You had 10 spell levels left.
You didn't know any spells.
Your spell library contained the following spells:

 Spells                   Type           Power      Damage    Failure   Level
 Freeze                   Ice            0%         1d3       45%         1
 Frozen Ramparts          Ice            0%         1d2       83%         3
 Hailstorm                Conj/Ice       0%         3d3       99%         4


Dungeon Overview and Level Annotations

Branches:
Dungeon (9/15)             Temple (0/1) D:4             Orc (1/2) D:9
   Lair: D:8-11

Altars:
Ashenzari
Cheibriados
Elyvilon
Kikubaaqudgha
Nemelex Xobeh
Qazlal
Ru
Uskayaw
Vehumet
The Shining One

Shops:
D:2 *

Annotations:
D:2 1 runed translucent door, exclusion: door, Crazy Yiuf
D:3 exclusion: downstairs
Orc:1 Jorgrun


Innate Abilities, Weirdness & Mutations

You are too large for most types of armour.
You have claws for hands.
Your natural rate of healing is unusually fast.
You are covered in fur. (AC +1)
You have tough skin. (AC +1)
You cannot be stealthy.
You cannot study or use magical devices.
You are hated by all.
You have somewhat slow reflexes. (EV -5)


Message History

An orc warrior comes into view. It is wielding a +0 scimitar.
The orc warrior shouts!
Jorgrun gestures at you while chanting.
You struggle to resist.
The orc knight roars a battlecry!
The orc warriors go into a battle-frenzy!
The orc warrior hits you with a +0 battleaxe!
Jorgrun hits you with a +0 vorpal quarterstaff!
The orc knight unwields a +1 vorpal great sword.
The orc knight wields a +0 arbalest.
The orc knight shoots a bolt.
The bolt barely misses you.
The orc warrior is stunned by your conviction and fails to attack.
An orc comes into view.
It is wielding a +0 mace and quivering silver boomerangs.
The orc shouts!
You hear a shout!
Jorgrun hits you with a +0 vorpal quarterstaff.
The orc warrior hits you with a +0 battleaxe!
The orc is stunned by your conviction and fails to attack.
The orc warrior throws a boomerang.
The boomerang hits you.
An orc priest comes into view. It is wielding a +0 morningstar.
The orc priest shouts!
Jorgrun points at you and mumbles some strange words.
Roots burst forth from the earth!
The grasping roots grab you! The grasping roots constrict you!
The orc warrior hits you with a +0 battleaxe!
The orc priest calls down the wrath of Beogh upon you.
Beogh smites you!
The orc knight shoots a bolt.
The bolt hits you!!
* * * LOW HITPOINT WARNING * * *
Jorgrun hits you with a +0 vorpal quarterstaff!
* * * LOW HITPOINT WARNING * * *
x2 The grasping roots constrict you!
* * * LOW HITPOINT WARNING * * *
The orc warrior hits you with a +0 battleaxe.
* * * LOW HITPOINT WARNING * * *
A troll comes into view.
The orc knight is stunned by your conviction and fails to attack.
Jorgrun hits you with a +0 vorpal quarterstaff!!
* * * LOW HITPOINT WARNING * * *
x2 The grasping roots constrict you!
You die...

##.# #. #..## ...
##...### #..##
###....#.# ### #....
#.##.....## #.# ......
##....)).).####.
#...###......).....##.
#...g#.....###........
#...o@......##........
###o.....######.......
#..........# ##.......
#.oo..#.....###.....#..
.o....###...........##..
T..... ###.......####..
...... #.#...##.# ##.
#..... ####..#### #.
#...# ##


You could see Jorgrun, an orc knight, a troll, 2 orc warriors, an orc priest
(strong) and an orc (strong).

Vanquished Creatures
  Snorg (Orc:1)
  Erica (D:7)
  2 two-headed ogres
  Amaemon (D:8)
  An orc sorcerer (Orc:1)
  Joseph (D:9)
  An orange demon (D:8)
  Maggie (D:9)
  Psyche (D:8)
  A troll (Orc:1)
  Grinder (D:4)
  A wyvern (D:5)
  A wraith (D:9)
  10 yaks
  A steam dragon (D:7)
  Grum (D:9)
  4 vampire mosquitoes (D:7)
  Menkaure (D:7)
  4 wargs
  2 water moccasins
  7 black bears
  3 sky beasts
  2 ice beasts (D:6)
  8 orc warriors
  3 wolves (D:9)
  3 ogres
  4 centaurs
  2 kobold brigands
  3 bullfrogs
  6 scorpions
  4 wights (D:8)
  A howler monkey (D:5)
  3 hounds
  2 jellies
  8 orc priests
  A gnoll bouda (D:7)
  2 iguanas
  14 orc wizards
  4 adders
  4 gnolls (D:7)
  A shadow imp (D:7)
  3 white imps
  An ufetubus (D:7)
  2 worms
  43 orcs
  5 bats
  6 endoplasms
  5 giant cockroaches
  4 hobgoblins
  11 jackals
  13 kobolds
  7 ball pythons
  6 goblins
  9 rats
237 creatures vanquished.

Vanquished Creatures (others)
  A fungus (D:2)
1 creature vanquished.

Grand Total: 238 creatures vanquished

Notes
Turn   | Place    | Note
-------+----------+-------------------------------------------
     0 | D:1      | Malachi the Troll Monk began the quest for the Orb.
     0 | D:1      | Reached XP level 1. HP: 22/22 MP: 0/0
   142 | D:1      | Reached XP level 2. HP: 29/29 MP: 1/1
   595 | D:2      | Reached skill level 4 in Unarmed Combat
   654 | D:2      | Found Dopudauq's General Store.
   869 | D:2      | Reached XP level 3. HP: 36/36 MP: 2/2
  1129 | D:2      | Identified the +7 whip "Goblin's Death" {drain, rElec}
  1235 | D:2      | Found a faded altar of an unknown god.
  1642 | D:2      | Found a runed translucent door.
  1643 | D:2      | Noticed Crazy Yiuf
  1714 | D:3      | Reached XP level 4. HP: 43/44 MP: 3/3
  1773 | D:3      | Found a sacrificial altar of Ru.
  1773 | D:3      | Noticed a scorpion
  1779 | D:3      | Killed a scorpion
  1780 | D:3      | Reached skill level 5 in Unarmed Combat
  1783 | D:3      | Found a sparkling altar of Nemelex Xobeh.
  1787 | D:3      | Found a glowing golden altar of the Shining One.
  1790 | D:3      | Became a worshipper of Ru the Awakened
  1794 | D:3      | Gained mutation: You are hated by all. [Ru sacrifice]
  1794 | D:3      | Reached * piety under Ru
  1794 | D:3      | Reached ** piety under Ru
  1870 | D:3      | Reached XP level 5. HP: 50/50 MP: 4/4
  2533 | D:4      | Noticed Grinder
  2588 | D:4      | Found a white marble altar of Elyvilon.
  2605 | D:4      | Reached skill level 6 in Unarmed Combat
  2695 | D:4      | Noticed a centaur
  2704 | D:4      | Killed a centaur
  2705 | D:4      | Reached XP level 6. HP: 39/59 MP: 5/5
  2858 | D:4      | Reached skill level 7 in Unarmed Combat
  3191 | D:4      | Found a staircase to the Ecumenical Temple.
  3306 | D:4      | Killed Grinder
  3307 | D:4      | Reached skill level 8 in Unarmed Combat
  3307 | D:4      | Reached XP level 7. HP: 66/66 MP: 6/6
  3326 | D:5      | Entered Level 5 of the Dungeon
  3655 | D:5      | Reached skill level 9 in Unarmed Combat
  3771 | D:5      | Noticed a wyvern
  3781 | D:5      | Killed a wyvern
  3782 | D:5      | Reached skill level 10 in Unarmed Combat
  3782 | D:5      | Reached XP level 8. HP: 28/74 MP: 7/7
  3995 | D:5      | Found a radiant altar of Vehumet.
  4447 | D:6      | Reached skill level 11 in Unarmed Combat
  4483 | D:6      | Gained mutation: You cannot study or use magical devices.
                  | [Ru sacrifice]
  4483 | D:6      | Reached *** piety under Ru
  4755 | D:6      | Found an ancient bone altar of Kikubaaqudgha.
  4762 | D:6      | Found a stormy altar of Qazlal.
  4915 | D:6      | Reached skill level 12 in Unarmed Combat
  5013 | D:6      | Reached XP level 9. HP: 61/80 MP: 8/8
  5013 | D:6      | Identified the +1 pair of boots "Iladgh" {-Cast rN++ Dex+4}
  5572 | D:7      | Reached skill level 13 in Unarmed Combat
  5668 | D:7      | Noticed Menkaure
  5677 | D:7      | Killed Menkaure
  5893 | D:7      | HP: 1/84 [vampire mosquito (10)]
  5901 | D:7      | Reached skill level 5 in Fighting
  6313 | D:8      | Noticed Amaemon
  6314 | D:8      | Noticed an orange demon
  6319 | D:8      | Reached XP level 10. HP: 98/98 MP: 9/9
  6330 | D:7      | Gained mutation: You have somewhat slow reflexes. (EV -5)
                  | [Ru sacrifice]
  6330 | D:7      | Reached **** piety under Ru
  6330 | D:7      | Reached ***** piety under Ru
  6388 | D:8      | Killed an orange demon
  6394 | D:8      | Killed Amaemon
  6520 | D:8      | Noticed Erica
  6520 | D:8      | Noticed a two-headed ogre
  6529 | D:7      | Killed Erica
  6668 | D:8      | Killed a two-headed ogre
  6675 | D:8      | Noticed Psyche
  6683 | D:8      | Killed Psyche
  7028 | D:8      | Reached XP level 11. HP: 73/117 MP: 10/10
  7033 | D:8      | Reached skill level 10 in Fighting
  7644 | D:9      | Noticed Joseph
  7653 | D:9      | Killed Joseph
  7828 | D:9      | Found a hide-covered altar of Uskayaw.
  7872 | D:9      | Noticed Grum
  7881 | D:9      | Killed Grum
  7960 | D:9      | Found a staircase to the Orcish Mines.
  8153 | D:9      | Noticed Maggie
  8158 | D:9      | Killed Maggie
  8306 | D:9      | Found a broken altar of Ashenzari.
  8310 | D:9      | Noticed a two-headed ogre
  8315 | D:9      | Killed a two-headed ogre
  8477 | D:9      | Gained mutation: You cannot be stealthy. [Ru sacrifice]
  8570 | D:9      | Found a snail-covered altar of Cheibriados.
  8744 | Orc:1    | Entered Level 1 of the Orcish Mines
  8899 | Orc:1    | Noticed Snorg
  8913 | Orc:1    | Killed Snorg
  9174 | Orc:1    | Noticed an orc sorcerer
  9181 | Orc:1    | Paralysed by an orc sorcerer for 3 turns
  9190 | Orc:1    | Killed an orc sorcerer
  9219 | Orc:1    | Noticed Jorgrun
  9228 | Orc:1    | Noticed an orc knight
  9235 | Orc:1    | HP: 4/123 [Jorgrun/+0 vorpal quarterstaff (9)]
  9235 | Orc:1    | HP: 1/123 [Jorgrun/+0 vorpal quarterstaff (3)]
  9235 | Orc:1    | Constricted to death by Jorgrun

Illustrated notes

Levels and vault maps discovered:
D:1:      reono_arrival_mine, layout_basic
D:2:      layout_loops_corners, hellmonk_ecumenical_altar_leap_of_faith,
          serial_shops, nicolae_shop_behind_doors, patterned_corridor,
          uniq_crazy_yiuf_cottage
D:3:      layout_basic, grunt_temple_overflow_open
D:4:      layout_basic, elyvilon_altar_1, minmay_temple_entry_proselytizer,
          serial_bayou_pond_e, uniq_grinder
D:5:      layout_basic, vehumet_altar_wand_db, abandoned_shop
D:6:      layout_basic, nicolae_qazlal_scattered_showers, old_standard_altar,
          minmay_misc_feat_cross, grunt_tough_drop
D:7:      layout_basic, sigmund_army, uniq_menkaure
D:8:      layout_rooms, uniq_erica, uniq_psyche, uniq_amaemon
D:9:      layout_loops_ring, cheibrodos_ashenzari_chains,
          cheibrodos_worm_habitat, mainiacjoe_overflow_surrounded_room,
          david_orc_1_choice, dreamdust_princess_bridge, uniq_grum, uniq_maggie,
          uniq_joseph
Orc:1:    layout_diamond_mine, basic_altar, uniq_snorg, uniq_jorgrun

Skill      XL: |  1  2  3  4  5  6  7  8  9 10 11 |
---------------+----------------------------------+-----
Unarmed Combat | 4 5 6 8 10 12 13 | 13.0
Fighting       | 6 9 12 | 12.1
Stealth        | 0 |  0.0
Dodging        | |  2.4

Action                   |  1- 3 |  4- 6 |  7- 9 | 10-12 || total
-------------------------+-------+-------+-------+-------++-------
Melee: Unarmed           |    84 |    77 |   232 |   204 ||   597
       Punch             |     2 |     3 |    12 |    13 ||    30
Throw: Dart              |       |     4 |       |     4 ||     8
Invok: Sacrifice Love    |       |     1 |       |       ||     1
       Sacrifice Artific |       |       |     1 |       ||     1
       Draw Out Power    |       |       |     1 |       ||     1
       Apocalypse        |       |       |       |     5 ||     5
       Sacrifice Health  |       |       |       |     1 ||     1
       Sacrifice Stealth |       |       |       |     1 ||     1
  Use: Scroll            |       |       |     6 |     6 ||    12
       Potion            |       |       |     3 |     1 ||     4
 Stab: Sleeping          |     3 |     2 |     1 |       ||     6
       Distracted        |       |     1 |       |     1 ||     2
       Invisible         |       |       |     2 |     6 ||     8
       Paralysed         |       |       |       |     3 ||     3
Armor: Robe              |    22 |    19 |    34 |    21 ||    96
       Steam dragon scal |       |       |       |    22 ||    22
Dodge: Dodged            |    39 |    34 |   109 |    43 ||   225
       Repelled          |       |       |       |     2 ||     2

Table legend: (Time is in decaauts)
 A = Elapsed time spent in this place.
 B = Non-inter-level travel time spent in this place.
 C = Inter-level travel time spent in this place.
 D = Time resting spent in this place.
 E = Time spent auto-exploring this place.
 F = Levels seen in this place.
 G = Mean time per level.
                   A        B        C        D        E       F      G
               +--------+--------+--------+--------+--------+-----+--------+
         Total |   9149 |   8635 |    514 |    832 |   6245 |  10 |  914.9 |
       Dungeon |   8709 |   8196 |    513 |    832 |   5975 |   9 |  967.7 |
  Orcish Mines |    440 |    440 |      0 |      0 |    270 |   1 |  440.0 |
               +--------+--------+--------+--------+--------+-----+--------+

Top non-repeatable levels by time:
     D:9: 1291 daAuts
     D:7: 1250 daAuts
     D:2: 1135 daAuts
     D:5: 1062 daAuts
     D:6: 910 daAuts
     D:3: 890 daAuts
     D:8: 880 daAuts
     D:4: 750 daAuts
     D:1: 537 daAuts
   Orc:1: 440 daAuts
